 Dungeon Crawl Stone Soup version 0.31-a0-1009-g454b1f1e0a (webtiles) character file.

Game seed: 6634889358816540842

669378 Amplified the Holy Warrior (level 27, -16/232 HPs)
             Began as a Meteoran Fighter on Nov 12, 2023.
             Was a Priest of the Shining One.
             Killed from afar by a purple draconian shifter (30 damage)
             ... with a bolt of dispelling energy
             ... led by Tiamat
             ... on level 2 of the Realm of Zot on Nov 14, 2023.
             The game lasted 02:38:24 (33453 turns).

Amplified the Holy Warrior (Meteoran Fighter)      Turns: 33453, Time: 02:38:24

Health: -16/232    AC: 28    Str: 29 (30) XL:     27
Magic:  31/52      EV: 23    Int: 17      God:    the Shining One [***...]
Gold:   4489       SH: 22    Dex: 22      Spells: 51/75 levels left

rFire   + + +        d - +16 consecrated labrys {holy, Valiant Fragile Fly SInv}
rCold   + + .        J - +2 kite shield {rC+}
rNeg    + + +        c - +8 ring mail of the Trout {rElec rN+ Dex+2}
rPois   +            G - +0 helmet of Feopn {Harm Fly rF+++ Stlth-}
rElec   +            n - +1 cloak
rCorr   +            f - +2 pair of gloves {Dex+3}
SInv    +            Y - +1 pair of boots {rampage}
Will    +++..        z - amulet of reflection
Stlth   +            W - ring of Ofitad {rPois rN+ rCorr Str+4}
HPRegen 0.58/turn    s - ring of Quaw {rPois rC+ Dex+2 SInv Stlth+}
MPRegen 0.33/turn

%: harm (+30% outgoing, +20% incoming), reflection, rampage
@: flying, glowing, studying 3 skills
A: sense surroundings 3, otherworldly, glowing, explore regen, talons 1,
deterioration 1, frail 1, mutation resistance 1, screaming 2, subdued magic 1,
inability to drink after injury 1
}: 5/15 runes: decaying, slimy, silver, abyssal, gossamer
a: Renounce Religion, Divine Shield, Cleansing Flame


You were on level 2 of the Realm of Zot.
You worshipped the Shining One.
The Shining One was most pleased with you.
You visited 11 branches of the dungeon, and saw 52 of its levels.
You visited the Abyss 2 times.
You visited 1 bazaar.
You visited 1 ziggurat, and saw 11 of its levels.
You also visited: Sewer and Ice Cave.

You collected 7220 gold pieces.
You spent 2731 gold pieces at shops.

Inventory:

Hand Weapons
 d - the +16 consecrated labrys (weapon) {holy, Valiant Fragile Fly SInv}
   (You found it on level 5 of the Pits of Slime)

   Valiant:   It becomes more powerful as more dangerous foes come into view.
   SInv:      It lets you see invisible.
   Fly:       It grants you flight.
   Fragile:   It will be destroyed if unequipped.
 L - a +9 broad axe of holy wrath
 O - the +8 mithril axe "Arga" {speed, Will+}
   (You took it off an ogre mage on level 5 of the Vaults)

   Will+:     It increases your willpower.
Missiles
 e - 35 poisoned darts
 i - 4 throwing nets
Armour
 c - the +8 ring mail of the Trout (worn) {rElec rN+ Dex+2}
   (You acquired it on level 8 of a ziggurat)

   Dex+2:     It affects your dexterity (+2).
   rElec:     It insulates you from electricity.
   rN+:       It protects you from negative energy.
 f - a +2 pair of gloves of dexterity (worn)
 n - a +1 cloak (worn)
 q - the +1 chain mail of Least Resistance {+Blink rElec Dex+2 Stlth-}
   (You bought it in a shop on level 2 of the Orcish Mines)

   Dex+2:     It affects your dexterity (+2).
   rElec:     It insulates you from electricity.
   +Blink:    It lets you blink.
   Stlth-:    It makes you less stealthy.
 t - the +3 scale mail "Dorixtee" {rF+ rN+ SInv}
   (You found it on level 7 of the Dungeon)

   rF+:       It protects you from fire.
   rN+:       It protects you from negative energy.
   SInv:      It lets you see invisible.
 F - the +5 ring mail "Odoez" {Fly rElec rPois Int-3}
   (You found it on level 5 of the Vaults)

   Int-3:     It affects your intelligence (-3).
   rElec:     It insulates you from electricity.
   rPois:     It protects you from poison Fly: It grants you flight.
 G - the +0 helmet of Feopn (worn) {Harm Fly rF+++ Stlth-}
   (You found it on level 3 of the Elven Halls)

   rF+++:     It renders you almost immune to fire.
   Fly:       It grants you flight.
   Harm:      It increases damage dealt and taken.
   Stlth-:    It makes you less stealthy.
 J - a +2 kite shield of cold resistance (worn)
 N - the +1 plate armour of Proximity {rPois rF++ Dex-5}
   (You found it on level 5 of the Pits of Slime)

   Dex-5:     It affects your dexterity (-5).
   rF++:      It greatly protects you from fire.
   rPois:     It protects you from poison
 Y - a +1 pair of boots of rampaging (worn)
 Z - a +2 helmet of intelligence
Jewellery
 g - the ring "Qilolunk" {Wiz rN++}
   (You took it off a deep elf annihilator on level 5 of the Vaults)

   [ring of wizardry]

   Wiz:       It improves your spell success rate.
   rN++:      It greatly protects you from negative energy.
 k - the ring of Beuffaw {Fire Will+ Str+3 Dex-4 Slay+4}
   (You found it on level 9 of a ziggurat)

   [ring of fire]

   Fire:      It enhances your fire magic.
   Str+3:     It affects your strength (+3).
   Dex-4:     It affects your dexterity (-4).
   Slay+4:    It affects your accuracy & damage with ranged weapons and melee
   (+4).
   rF+:       It protects you from fire.
   rC-:       It makes you vulnerable to cold.
   Will+:     It increases your willpower.
 s - the ring of Quaw (right hand) {rPois rC+ Dex+2 SInv Stlth+}
   (You found it on level 5 of the Pits of Slime)

   [ring of poison resistance]

   Dex+2:     It affects your dexterity (+2).
   rC+:       It protects you from cold.
   rPois:     It protects you from poison SInv: It lets you see invisible.
   Stlth+:    It makes you more stealthy.
 v - the ring of Gecw {rPois rF+ rN+ SInv}
   (You found it in an ice cave)

   [ring of positive energy]

   rF+:       It protects you from fire.
   rPois:     It protects you from poison rN+: It protects you from negative
   energy.
   SInv:      It lets you see invisible.
 z - an amulet of reflection (around neck)
 Q - the ring of Qumon {rF+ Str+2 Int+8 SInv Stlth-}
   (You found it on level 3 of the Elven Halls)

   [ring of see invisible]

   Str+2:     It affects your strength (+2).
   Int+8:     It affects your intelligence (+8).
   rF+:       It protects you from fire.
   SInv:      It lets you see invisible.
   Stlth-:    It makes you less stealthy.
 W - the ring of Ofitad (left hand) {rPois rN+ rCorr Str+4}
   (You found it on level 5 of the Pits of Slime)

   [ring of poison resistance]

   Str+4:     It affects your strength (+4).
   rPois:     It protects you from poison rN+: It protects you from negative
   energy.
   rCorr:     It protects you from acid and corrosion.
Talismans
 B - a serpent talisman
 P - a granite talisman
Wands
 a - a wand of acid (4)
 l - a wand of roots (23)
 C - a wand of charming (8)
 I - a wand of digging (9)
 V - a wand of mindburst (30)
Scrolls
 j - 6 scrolls of fear
 m - 4 scrolls of silence
 o - 2 scrolls of butterflies
 p - 2 scrolls of brand weapon
 u - 3 scrolls of revelation
 y - 5 scrolls of fog
 A - 11 scrolls of teleportation
 D - 5 scrolls of poison
 S - 4 scrolls of enchant weapon
 T - 2 scrolls of blinking
Potions
 h - a potion of resistance
 r - 6 potions of cancellation
 w - 7 potions of enlightenment
 x - 2 potions of haste
 E - 4 potions of attraction
 H - 5 potions of curing
 K - 4 potions of mutation
 R - 5 potions of ambrosia
 X - 8 potions of brilliance
Miscellaneous
 U - a phantom mirror


   Skills:
 * Level 23.2 Fighting
 - Level 18.7 Axes
 * Level 18.2 Armour
 * Level 15.6 Dodging
 - Level 15.0 Shields
 * Level 24.5 Spellcasting
 - Level 9.8 Translocations
 - Level 6.1 Ice Magic
 - Level 23.8 Air Magic
 O Level 27 Invocations


You had 51 spell levels left.
You knew the following spells:

 Your Spells              Type           Power      Damage    Failure   Level
a - Lesser Beckoning      Tloc           82%        N/A       1%          2
b - Manifold Assault      Tloc           41%        N/A       1%          4
c - Frozen Ramparts       Ice            64%        1d10      1%          3
d - Maxwell's Capacitive  Air            33%        ∞         1%          8
e - Passwall              Tmut/Erth      13%        N/A       3%          2
f - Freezing Cloud        Conj/Ice/Air   21%        6-21      1%          5

Your spell library contained the following spells:

 Spells                   Type           Power      Damage    Failure   Level
 Shock                    Conj/Air       100%       1d9       0%          1
 Swiftness                Air            67%        N/A       0%          3
 Airstrike                Air            33%        2d(5-21)  0%          4
 Vhi's Electric Charge    Tloc/Air       100%       N/A       0%          4
 Blink                    Tloc           82%        N/A       1%          2
 Cigotuvi's Dreadful Rot  Necr/Pois/Air  72%        N/A       1%          2
 Ensorcelled Hibernation  Hex/Ice        48%        N/A       1%          2
 Momentum Strike          Conj/Tloc      56%        3d9       1%          2
 Poisonous Vapours        Pois/Air       94%        N/A       1%          2
 Static Discharge         Conj/Air       94%        3-7/arc   1%          2
 Gell's Gravitas          Tloc           41%        N/A       1%          3
 Hailstorm                Conj/Ice       24%        3d7       1%          3
 Mephitic Cloud           Conj/Pois/Air  36%        N/A       1%          3
 Teleport Other           Tloc           41%        N/A       1%          3
 Passage of Golubria      Tloc           41%        N/A       1%          4
 Arcjolt                  Conj/Air       23%        1d33      1%          5
 Silence                  Hex/Air        23%        N/A       1%          5
 Kiss of Death            Conj/Necr      64%        2d10      2%          1
 Magic Dart               Conj           64%        1d6       2%          1
 Slow                     Hex            64%        N/A       2%          1
 Sting                    Tmut/Pois      64%        1d6       2%          1
 Summon Small Mammal      Summ           64%        N/A       2%          1
 Call Imp                 Summ           32%        N/A       3%          2
 Jinxbite                 Hex            32%        N/A       3%          2
 Searing Ray              Conj           32%        2d5       3%          2
 Sublimation of Blood     Necr           16%        N/A       3%          2
 Wereblood                Tmut           16%        N/A       3%          2
 Dimensional Bullseye     Hex/Tloc       14%        N/A       3%          4
 Iskenderun's Mystic Bla  Conj/Tloc      28%        2d7       3%          4
 Dispersal                Tloc           20%        N/A       7%          6
 Call Canine Familiar     Summ           16%        N/A       8%          3
 Confusing Touch          Hex            16%        N/A       8%          3
 Dazzling Flash           Conj/Hex       32%        N/A       8%          3
 Ignite Poison            Fire/Tmut/Pois 16%        N/A       8%          3
 Inner Flame              Hex/Fire       16%        N/A       8%          3
 Sigil of Binding         Hex            16%        N/A       8%          3
 Stone Arrow              Conj/Erth      32%        3d9       8%          3
 Summon Guardian Golem    Hex/Summ       16%        N/A       8%          3
 Tukima's Dance           Hex            16%        N/A       8%          3
 Vampiric Draining        Necr           16%        2d7       8%          3
 Summon Ice Beast         Ice/Summ       24%        N/A       8%          4
 Summon Forest            Summ/Tloc      14%        N/A       10%         5
 Metabolic Englaciation   Hex/Ice        12%        N/A       22%         5
 Anguish                  Hex/Necr       8%         N/A       28%         4
 Animate Armour           Summ/Erth      32%        N/A       28%         4
 Dispel Undead            Necr           16%        3d10      28%         4
 Flame Wave               Conj/Fire      16%        2d7       28%         4
 Fulminant Prism          Conj/Hex       8%         3d7       28%         4
 Leda's Liquefaction      Hex/Erth       8%         N/A       28%         4
 Olgreb's Toxic Radiance  Pois           16%        N/A       28%         4
 Petrify                  Tmut/Erth      16%        N/A       28%         4
 Sticky Flame             Conj/Fire      16%        2d4       28%         4
 Agony                    Necr           16%        N/A       63%         5
 Alistair's Intoxication  Tmut/Pois      10%        N/A       63%         5
 Irradiate                Conj/Tmut      8%         3d14      63%         5
 Iskenderun's Battlesphe  Conj           16%        2d7       63%         5
 Summon Mana Viper        Hex/Summ       16%        N/A       63%         5
 Yara's Violent Unravell  Hex/Tmut       8%         3d5       63%         5
 Simulacrum               Ice/Necr       12%        N/A       78%         6
 Ozocubu's Refrigeration  Ice            16%        4d11      90%         7
 Malign Gateway           Summ/Tloc      14%        N/A       98%         7
 Disjunction              Tloc           20%        N/A       98%         8
 Bombard                  Conj/Erth      8%         9d2       99%         6
 Eringya's Noxious Bog    Tmut/Pois      8%         4d6       99%         6
 Summon Cactus Giant      Summ           8%         N/A       99%         6
 Monstrous Menagerie      Summ           8%         N/A       100%        7
 Spellforged Servitor     Conj/Summ      8%         N/A       100%        7
 Summon Hydra             Summ           8%         N/A       100%        7
 Borgnjor's Revivificati  Necr           8%         N/A       100%        8
 Discord                  Hex            8%         N/A       100%        8
 Lehudib's Crystal Spear  Conj/Erth      8%         10d3      100%        8
 Polar Vortex             Ice            16%        12d2*     100%        9


Dungeon Overview and Level Annotations

Branches:
Dungeon (15/15) Zot: 868   Temple (0/1) D:6            Lair (5/5) D:9 Zot: 382
  Swamp (4/4) Lair:2 Zot: 600  Spider (4/4) Lair:2 Zot: 217   Slime (5/5) Lair:4 Zot: 1955
    Orc (2/2) D:11 Zot: 490     Elf (3/3) Orc:2 Zot: 43  Vaults (5/5) D:13 Zot: 143
  Crypt (3/3) Vaults:2 Zot: 90    Tomb (0/3) Crypt:3      Depths (4/4) D:15 Zot: 415
    Zot (2/5) Depths:4 Zot: 1078   Sewer (visited)           IceCv (visited)

Altars:
Ashenzari
Cheibriados
Dithmenos
Fedhas
Hepliaklqana
Kikubaaqudgha
Nemelex Xobeh
Okawaru
Qazlal
Trog
Vehumet
Wu Jian
Yredelemnul
The Shining One
Jiyva
Lugonu

Shops:
D:7 (   D:8 !   D:11 (   D:13 ?   Orc:2 *(:*[   Elf:2 ==:(

Portals:
Hell: Depths:1 Depths:3
Abyss: Depths:3 Depths:4
Pandemonium: Depths:1

Annotations:
D:15 1 runed translucent door
Lair:4 exclusion: oklob plant
Vaults:3 Optimize routes now.
Zot:2 Tiamat


Innate Abilities, Weirdness & Mutations

You passively map a large area around you.
You are easily found by Zot.
You glow in the dark.
You regain HP and MP as you explore.
You have sharp toenails.
Your body sometimes deteriorates upon taking damage.
You are frail. (-10% HP)
You are somewhat resistant to further mutation.
You frequently scream uncontrollably at your foes.
Your spells are a little easier to cast, but a little less powerful.
You occasionally lose the ability to drink potions when taking damage.


Message History

Tiamat is almost dead.
The golden flame engulfs the purple draconian shifter!
The purple draconian shifter is heavily wounded.
You hear a deafening roar! x2
You block Tiamat's attack. x2
Tiamat tail-slaps you but does no damage.
Unknown command.
Unknown command.
Activating: Cleansing Flame (0% risk of failure)
Press: ? - help, Dir - look around, f - activate The golden flame engulfs you but does no damage.
You resist.
The golden flame engulfs Tiamat!!
Tiamat is almost dead.
The golden flame engulfs the purple draconian shifter.
The purple draconian shifter is heavily wounded.
Tiamat misses you.
Tiamat tail-slaps you but does no damage.
Tiamat closely misses you.
The purple draconian shifter gestures at you while chanting.
You resist with almost no effort.
Unknown command.
Unknown command.
Unknown command.
Unknown command.
Activating: Cleansing Flame (0% risk of failure)
Press: ? - help, Dir - look around, f - activate The golden flame engulfs you but does no damage.
You resist.
The golden flame engulfs Tiamat!!
Tiamat is almost dead.
The golden flame engulfs the purple draconian shifter!
The purple draconian shifter is heavily wounded.
Tiamat hits you with a +1 glaive of freezing!!
* * * LOW HITPOINT WARNING * * *
Tiamat freezes you.
* * * LOW HITPOINT WARNING * * *
You block Tiamat's attack. Tiamat tail-slaps you.
* * * LOW HITPOINT WARNING * * *
The purple draconian shifter breathes dispelling energy at you.
The bolt of dispelling energy hits you!!
You die...

* * , , * , ,
, , , , , ,,
,, ,, * , * ,
, ,* , ,,, *
##### * , * ,
##...## * , ,
, , ,
*##...d.## +
*, , , *
##....)@)## ,
**
,,+....).q..#
,, * ,,
#.....)).<+ ,
, , * ,
+........?# *
, , * *,
##.......## *
,*##.....## ,
, , ##...##,
* * *, ,
##+##, * , *
,, , , * ,* ,
* , , *


You could see Tiamat and a purple draconian shifter (poisoned, catching breath).

Vanquished Creatures
  the Royal Jelly (Slime:5)
  8 dread liches
  4 ancient liches
  2 juggernauts
  Margery (Depths:4)
  3 pandemonium lords
  Nikola (Swamp:4)
  12 bone dragons
  2 profane servitors
  Norris (Elf:3)
  Arachne (Spider:2)
  A shard shrike zombie (Abyss:4)
  3 hellephants
  The ghost of semem the Crack Shot, an adept HuHu of Ashenzari (Elf:2)
  5 Hell Sentinels
  Jorgrun (Swamp:2)
  7 tentacled monstrosities
  An Ice Fiend (Zig:5)
  2 walking frostbound tomes
  4 deep elf blademasters (Elf:3)
  25 acid blobs
  2 deep elf master archers (Elf:3)
  6 sphinxes
  2 titans (Vaults:5)
  2 quicksilver dragons (Vaults:5)
  A thorn hunter (Swamp:4)
  14 liches
  48 tentacled starspawn
  7 Executioners
  An ancient champion (Crypt:1)
  6 shadow dragons
  3 tengu reavers (Vaults:5)
  4 storm dragons
  Roxanne (Swamp:4)
  21 azure jellies
  3 draconian knights
  15 fire giants
  10 vault wardens
  A revenant (Crypt:1)
  9 rockslimes
  An emperor scorpion (Spider:4)
  2 balrugs
  2 iron dragons
  11 deep elf elementalists
  9 deep elf sorcerers
  5 frost giants
  7 ghost moths
  10 ironbound preservers
  A draconian shifter (Abyss:4)
  51 very ugly things
  2 draconian stormcallers
  An angel (Abyss:4)
  3 cacodemons
  2 orc warlords
  A curse skull (Crypt:3)
  4 war gargoyles
  11 stone giants
  A juggernaut skeleton (Crypt:3)
  3 reapers
  2 caustic shrike skeletons
  11 quicksilver oozes
  A demonspawn blood saint (Zig:5)
  A demonspawn black sun (Zig:3)
  2 formless jellyfish (Slime:5)
  A broodmother (Spider:4)
  3 ironbound thunderhulks
  3 vampire knights
  2 starflowers
  3 deep elf demonologists
  4 green draconians
  4 eleionomae
  4 black draconians
  2 white draconians (Zot:2)
  4 lorocyprocas
  5 bunyips
  3 purple draconians
  2 red draconians
  6 dire elephants
  5 blizzard demons
  8 deep elf annihilators
  3 yellow draconians
  A spark wasp (Spider:4)
  6 eidola
  An acid blob zombie (Crypt:1)
  2 green deaths
  Snorg (D:14)
  14 ettins
  4 merfolk impalers (Zig:10)
  8 deep elf death magi
  A quicksilver dragon zombie (Abyss:4)
  4 crystal guardians
  A merfolk javelineer (Zig:9)
  11 yaktaur captains
  4 fire dragons
  5 jiangshi
  5 spriggan zombies
  A shambling mangrove (Swamp:4)
  9 rakshasas
  3 entropy weavers
  12 great orbs of eyes
  An ice dragon (Depths:4)
  27 vault guards (Vaults:5)
  7 deep elf high priests
  15 hydras
  A hydra (shapeshifter) (Vaults:5)
  A peacekeeper (Vaults:4)
  2 boulder beetles
  2 catoblepae
  6 radroaches
  4 ironbound frosthearts
  2 ogre magi
  4 spriggan air magi
  6 centaur warriors
  2 spriggan skeletons (Crypt:3)
  4 merfolk aquamancers
  2 jorogumos
  8 two-headed ogres
  3 death knights
  8 tengu warriors
  A ghost crab (Swamp:4)
  3 satyrs
  A death scarab (Spider:3)
  5 deep troll shamans
  An anaconda (shapeshifter) (Vaults:5)
  7 alligators
  12 dancing weapons
  10 orc high priests
  11 deep troll earth magi
  22 hell knights
  A titan zombie (Abyss:2)
  A vampire mage (Crypt:1)
  6 demonic crawlers
  3 occultists
  51 thrashing horrors
  2 death yaks (Lair:5)
  4 hell hogs
  4 spriggan berserkers
  A naga sharpshooter (Zig:9)
  3 soul eaters
  2 skysharks (Elf:3)
  Sonja (Orc:2)
  10 sun demons
  16 deep elf knights
  5 shadow wraiths
  40 wretched stars
  12 iron trolls
  19 skeletal warriors
  2 spatial maelstroms
  5 sixfirhies
  A death drake (Abyss:5)
  A glowing orange brain (shapeshifter) (Vaults:5)
  4 pharaoh ants
  10 goliath frogs
  10 swamp dragons
  Lodul (D:14)
  12 flayed ghosts
  23 deep trolls
  7 glowing orange brains
  7 spriggan druids
  6 orb spiders
  10 deep elf archers
  3 orange crystal statues
  A swamp dragon (shapeshifter) (Abyss:4)
  A shadow demon (Abyss:5)
  2 bog bodies
  2 arcanists
  An obsidian statue (Zig:5)
  7 ironbound convokers
  A shadow dragon zombie (Crypt:1)
  15 phantasmal warriors
  10 necromancers
  11 lindwurms
  22 deep elf zephyrmancers
  10 wolf spiders
  47 ugly things
  28 deep elf pyromancers
  10 will-o-the-wisps
  3 orc knights
  4 orc sorcerers
  3 fauns (Zig:2)
  A salamander (Depths:1)
  A salamander (shapeshifter) (Depths:4)
  6 moths of wrath
  5 cyclopes
  16 shining eyes
  8 worldbinders
  2 merfolk sirens
  A water nymph (Zig:10)
  4 manticores
  A centaur zombie (Crypt:1)
  2 elephants (Lair:5)
  A centaur skeleton (Crypt:3)
  5 torpor snails
  10 apocalypse crabs
  2 black mambas
  5 eyes of devastation
  2 guardian serpents (Abyss:4)
  26 smoke demons
  10 vault sentinels
  A water nymph (shapeshifter) (Depths:4)
  A stone giant skeleton (Abyss:1)
  10 cane toads
  6 gargoyles
  2 ice statues
  2 naga magi (Abyss:4)
  5 orange demons
  2 dire elephant skeletons (Crypt:3)
  A kobold demonologist (Abyss:5)
  A minotaur zombie (Abyss:2)
  3 efreet
  6 unseen horrors
  6 hellions
  A white draconian zombie (Crypt:2)
  2 yaktaurs (shapeshifter)
  2 tengu conjurers
  10 freezing wraiths
  7 rime drakes
  An unseen horror (shapeshifter) (Zig:8)
  3 guardian mummies (Crypt:3)
  4 tormentors
  3 anaconda simulacra
  29 ancient zymes
  A harpy zombie (Abyss:5)
  18 ice devils
  8 komodo dragons
  15 yaktaurs
  A merfolk (shapeshifter) (Zig:8)
  A queen bee (shapeshifter) (D:12)
  5 red devils
  11 hornets
  3 meliai (Spider:1)
  An iron troll skeleton (Crypt:1)
  2 hellwings
  A silent spectre (Abyss:3)
  19 merfolk
  3 polar bears
  4 wind drakes
  A wolf spider simulacrum (D:15)
  2 hydra skeletons
  69 raiju
  7 tyrant leeches
  4 glass eyes
  A harpy skeleton (Abyss:5)
  A raiju (shapeshifter) (Elf:3)
  2 trolls
  94 large abominations
  19 tarantellas
  13 blink frogs
  2 snapping turtles (Zig:10)
  8 dream sheep (Lair:5)
  32 jumping spiders
  An ice dragon zombie (Abyss:1)
  2 centaur simulacra
  15 flying skulls
  A black mamba zombie (Crypt:2)
  An iron dragon simulacrum (Abyss:5)
  15 spriggans
  23 culicivoras
  118 slime creatures
  9 shadows
  An ice dragon skeleton (Crypt:1)
  An air elemental (Elf:2)
  62 yaks
  A dire elephant simulacrum (Crypt:2)
  6 vampires
  Eustachio (D:4)
  5 wyverns
  9 water elementals
  13 ynoxinuls
  2 fire elementals
  9 wraiths
  5 basilisks
  11 golden eyes
  14 chaos spawn
  17 neqoxecs
  47 redbacks
  3 steam dragons
  8 vampire mosquitoes
  4 spatial vortices
  15 swamp worms
  6 death yak simulacra (IceCv)
  3 harpy simulacra
  A naga zombie (Abyss:2)
  3 nagas (Abyss:4)
  8 wargs
  14 water moccasins
  2 hydra simulacra (IceCv)
  3 hell hounds
  A glowing shapeshifter skeleton (Crypt:2)
  22 orc warriors
  2 black bears
  8 ice beasts
  6 swamp drakes
  A sky beast (D:6)
  2 boggarts (Depths:2)
  An ettin simulacrum (Abyss:5)
  14 wolves
  9 ogres
  A lindwurm skeleton (Crypt:2)
  A blink frog skeleton (Crypt:1)
  17 centaurs
  A phantom (D:7)
  49 small abominations
  A kobold brigand (D:10)
  A two-headed ogre simulacrum (IceCv)
  4 bullfrogs
  5 earth elementals
  A water moccasin zombie (Crypt:1)
  3 cane toad simulacra (IceCv)
  10 wights
  5 killer bees (D:7)
  3 elephant simulacra (IceCv)
  A howler monkey (D:10)
  4 quasits
  2 hounds
  A gnoll bouda (D:6)
  9 orc priests
  12 jellies
  Crazy Yiuf (D:3)
  2 iron imps
  207 starcursed masses
  3 iguanas
  17 orc wizards
  3 sleepcaps
  A troll simulacrum (IceCv)
  3 polar bear simulacra (IceCv)
  2 spriggan simulacra (IceCv)
  5 wolf simulacra (IceCv)
  A boggart simulacrum (D:15)
  A hound skeleton (Crypt:1)
  9 mummies (Crypt:3)
  Robin (D:4)
  4 gnolls (D:6)
  7 adders
  2 river rats (Sewer)
  2 shadow imps
  7 white imps
  11 ufetubi
  A dart slug (D:4)
  52 orcs
  An orc (shapeshifter) (Abyss:4)
  8 ball pythons
  13 endoplasms
  9 giant cockroaches
  16 goblins
  5 hobgoblins
  3 quokkas
  3 bats
  6 frilled lizards
  A hobgoblin skeleton (Crypt:1)
  3 kobolds
  A kobold skeleton (Crypt:1)
  An orc zombie (Crypt:2)
  6 rats
  2 lurking horrors
  66 starspawn tentacles
2886 creatures vanquished.

Vanquished Creatures (collateral kills)
  A bone dragon (Abyss:5)
  A tentacled starspawn (Abyss:5)
  A daeva (Abyss:5)
  An angel (Abyss:5)
  A very ugly thing (Abyss:5)
  5 large abominations (Abyss:5)
  A goliath frog (Swamp:2)
  3 smoke demons (Abyss:5)
  2 hellwings (Abyss:5)
  A raiju (Abyss:5)
  A ynoxinul (Abyss:5)
  A starcursed mass (Abyss:5)
  A neqoxec (Abyss:5)
  An earth elemental (Abyss:5)
  A starspawn tentacle (Abyss:5)
22 creatures vanquished.

Vanquished Creatures (others)
  3 bloated husks
  A raiju (Abyss:5)
  2 starcursed masses
  4 golden eyes (Abyss:5)
  A neqoxec (Abyss:4)
  An orc warrior (Orc:2)
  A small abomination (Abyss:4)
  A white imp (D:8)
  37 foxfires
  5 lurking horrors
  102 starspawn tentacles
158 creatures vanquished.

Grand Total: 3066 creatures vanquished

Notes
Turn   | Place    | Note
-------+----------+-------------------------------------------
     0 | D:1      | Amplified the Meteoran Fighter began the quest for the Orb.
     0 | D:1      | Reached XP level 1. HP: 19/19 MP: 2/2
   177 | D:1      | Reached XP level 2. HP: 20/26 MP: 3/3
   243 | D:1      | Identified a scroll of acquirement
   243 | D:1      | Acquired a +2 pair of gloves of dexterity
   487 | D:1      | Glimpsed the power of Zot.
   496 | D:2      | Found a faded altar of an unknown god.
   545 | D:2      | Found a broken altar of Ashenzari.
   587 | D:2      | Reached XP level 3. HP: 33/33 MP: 4/4
   592 | D:3      | Identified the "Rafeakhed"
   596 | D:3      | Found an ornate altar of the Wu Jian Council.
   940 | D:3      | Reached XP level 4. HP: 40/40 MP: 5/5
   980 | D:3      | Found a sparkling altar of Nemelex Xobeh.
   983 | D:3      | Found a radiant altar of Vehumet.
   983 | D:3      | Found a blossoming altar of Fedhas.
   986 | D:3      | Found a snail-covered altar of Cheibriados.
  1051 | D:3      | Found a hazy altar of Hepliaklqana.
  1110 | D:3      | Found a runed translucent door.
  1111 | D:3      | Noticed Crazy Yiuf
  1117 | D:3      | Killed Crazy Yiuf
  1118 | D:3      | Reached XP level 5. HP: 39/47 MP: 0/6
  1202 | D:3      | Found a bloodstained altar of Trog.
  1281 | D:4      | Reached XP level 6. HP: 42/53 MP: 7/7
  1474 | D:4      | Reached skill level 5 in Fighting
  1480 | D:4      | Found a glowing golden altar of the Shining One.
  1485 | D:4      | Became a worshipper of the Shining One
  1492 | D:4      | Noticed Eustachio
  1511 | D:4      | Killed Eustachio
  1512 | D:4      | Reached skill level 5 in Axes
  1512 | D:4      | Reached skill level 1 in Invocations
  1512 | D:4      | Reached XP level 7. HP: 61/61 MP: 7/9
  1538 | D:4      | Noticed Robin
  1569 | D:4      | Killed Robin
  1615 | D:4      | You fall into a shaft and drop 3 floors!
  1632 | D:7      | Reached skill level 2 in Invocations
  1675 | D:7      | Reached skill level 3 in Invocations
  1675 | D:7      | Reached XP level 8. HP: 70/70 MP: 9/11
  1802 | D:7      | Found Ryxoal's Firing Range.
  1887 | D:6      | Reached skill level 4 in Invocations
  1910 | D:6      | Reached * piety under the Shining One
  1973 | D:6      | Reached skill level 5 in Armour
  1980 | D:5      | Entered Level 5 of the Dungeon
  2059 | D:6      | Reached skill level 5 in Shields
  2113 | D:6      | Gained mutation: You passively map the area around you.
                  | [Meteoran growth]
  2113 | D:6      | Reached XP level 9. HP: 74/78 MP: 13/13
  2120 | D:6      | Found a staircase to the Ecumenical Temple.
  2151 | D:6      | Reached skill level 5 in Invocations
  2228 | D:6      | Found a glowing drain.
  2237 | Sewer    | Entered a sewer
  2506 | Sewer    | Found a viscous altar of Jiyva.
  2620 | D:7      | Reached skill level 6 in Invocations
  2637 | D:7      | Gained mutation: You are vulnerable to heat. (rF-) [potion
                  | of mutation]
  2637 | D:7      | Gained mutation: You have a pair of small horns on your
                  | head. [potion of mutation]
  2637 | D:7      | Gained mutation: You are resistant to electric shocks.
                  | (rElec) [potion of mutation]
  2642 | D:7      | Identified the +3 scale mail "Dorixtee" {rF+ rN+ SInv}
  2944 | D:8      | Noticed a cyclops
  2958 | D:8      | Killed a cyclops
  2959 | D:8      | Reached skill level 7 in Invocations
  2959 | D:8      | Reached XP level 10. HP: 86/88 MP: 13/16
  3031 | D:8      | Lost mutation: You are vulnerable to heat. (rF-) [potion of
                  | mutation]
  3031 | D:8      | Lost mutation: You are resistant to electric shocks.
                  | (rElec) [potion of mutation]
  3031 | D:8      | Gained mutation: You occasionally lose the ability to read
                  | scrolls when taking damage. [potion of mutation]
  3127 | D:8      | Reached skill level 8 in Invocations
  3280 | D:8      | Found Ogeuph's Distillery.
  3489 | D:8      | Bought 2 potions of might for 80 gold pieces
  3489 | D:8      | Bought 2 potions of enlightenment for 100 gold pieces
  3489 | D:8      | Bought a potion of curing for 30 gold pieces
  3489 | D:8      | Bought a potion of curing for 30 gold pieces
  3730 | D:9      | Noticed a two-headed ogre
  3793 | D:9      | Noticed a rime drake
  3805 | D:9      | Killed a rime drake
  3808 | D:9      | Reached XP level 11. HP: 79/97 MP: 16/18
  3828 | D:9      | Reached skill level 9 in Invocations
  3889 | D:9      | Identified the +6 war axe "Geguxy" {freeze, Str+3}
  3913 | D:9      | Found a staircase to the Lair.
  3922 | D:9      | Reached skill level 10 in Axes
  3974 | D:9      | Killed a two-headed ogre
  3988 | D:9      | Found a shadowy altar of Dithmenos.
  4040 | D:9      | Reached skill level 10 in Invocations
  4138 | D:10     | Entered Level 10 of the Dungeon
  4150 | D:10     | Reached skill level 10 in Fighting
  4154 | D:10     | Reached skill level 1 in Dodging
  4623 | D:11     | Reached XP level 12. HP: 107/107 MP: 17/21
  4675 | D:11     | Reached skill level 11 in Invocations
  4677 | D:11     | Noticed a two-headed ogre
  4686 | D:11     | Killed a two-headed ogre
  4689 | D:11     | Found Afeta's Weapon Shop.
  4691 | D:11     | Found a staircase to the Orcish Mines.
  4957 | D:12     | Identified the "Cabbivvaidu"
  4957 | D:12     | Identified the "Cuisig"
  4957 | D:12     | Identified the "Fughiad"
  5009 | D:12     | Noticed a boulder beetle
  5041 | D:12     | Killed a boulder beetle
  5111 | D:12     | Identified the +0 ring mail of the Hurricane {rF+ MP+9
                  | Int+3 Slay-2}
  5140 | D:12     | Noticed a two-headed ogre
  5148 | D:12     | Killed a two-headed ogre
  5179 | D:12     | Reached skill level 12 in Invocations
  5193 | D:12     | Noticed a skeletal warrior
  5193 | D:12     | Noticed a skeletal warrior
  5193 | D:12     | Noticed a skeletal warrior
  5193 | D:12     | Noticed a skeletal warrior
  5325 | D:12     | Noticed a death knight
  5325 | D:12     | Noticed a phantasmal warrior
  5339 | D:13     | Noticed a centaur warrior
  5429 | Lair:1   | Entered Level 1 of the Lair of Beasts
  5611 | Lair:2   | Reached XP level 13. HP: 116/116 MP: 23/23
  5764 | Lair:2   | Noticed a catoblepas
  5797 | Lair:2   | Killed a catoblepas
  5906 | Lair:3   | Identified the +3 leather armour of the Akabeko {+Blink
                  | rElec rPois rF+}
  5943 | Lair:3   | Identified the +5 ring mail of Ykhur {Harm}
  5965 | Lair:3   | Reached skill level 13 in Invocations
  6019 | Lair:3   | Reached skill level 5 in Dodging
  6084 | Lair:3   | Found a frozen archway.
  6105 | IceCv    | Entered an ice cave
  6105 | IceCv    | Reached ** piety under the Shining One
  6231 | IceCv    | Reached *** piety under the Shining One
  6365 | IceCv    | Reached **** piety under the Shining One
  6367 | IceCv    | Reached XP level 14. HP: 121/127 MP: 25/25
  6381 | IceCv    | Reached skill level 14 in Invocations
  6414 | IceCv    | Found an ancient bone altar of Kikubaaqudgha.
  6498 | IceCv    | Identified the ring of Gecw {rPois rF+ rN+ SInv}
  6999 | Lair:4   | Found a staircase to the Slime Pits.
  7014 | Lair:4   | Found a viscous altar of Jiyva.
  7084 | Lair:4   | Reached skill level 10 in Armour
  7271 | Lair:5   | Identified the of Cifaositz
  7271 | Lair:5   | Entered Level 5 of the Lair of Beasts
  7461 | Lair:5   | Reached skill level 15 in Invocations
  7595 | Lair:5   | Reached XP level 15. HP: 42/137 MP: 24/27
  7834 | Orc:1    | Entered Level 1 of the Orcish Mines
  7842 | Orc:1    | Reached skill level 15 in Axes
  7850 | Orc:1    | Noticed an orc warlord
  7870 | Orc:1    | Killed an orc warlord
  7998 | Orc:2    | Entered Level 2 of the Orcish Mines
  8000 | Orc:2    | Noticed Sonja
  8003 | Orc:2    | Found a staircase to the Elven Halls.
  8007 | Orc:2    | Killed Sonja
  8008 | Orc:2    | Noticed an orc warlord
  8303 | D:13     | Found Xampocunn's Magic Scroll Boutique.
  8306 | D:13     | Bought a scroll of teleportation for 54 gold pieces
  8306 | D:13     | Bought a scroll of teleportation for 54 gold pieces
  8306 | D:13     | Bought a scroll of blinking for 135 gold pieces
  8306 | D:13     | Bought a scroll of blinking for 135 gold pieces
  8306 | D:13     | Bought a scroll of immolation for 72 gold pieces
  8327 | D:14     | Noticed Snorg
  8340 | D:14     | Killed Snorg
  8385 | D:14     | Reached skill level 16 in Invocations
  8556 | D:14     | Noticed Lodul
  8579 | D:14     | Killed Lodul
  8715 | D:15     | Entered Level 15 of the Dungeon
  8767 | D:14     | Found a stormy altar of Qazlal.
  8897 | D:15     | Reached XP level 16. HP: 122/147 MP: 23/29
  8899 | D:15     | Reached skill level 15 in Fighting
  9274 | D:15     | Reached skill level 17 in Invocations
  9310 | D:15     | Found a staircase to the Depths.
  9448 | D:15     | Noticed a sphinx
  9449 | D:15     | Found a runed translucent door.
  9449 | D:15     | Noticed a frost giant
  9449 | D:15     | Noticed a tengu reaver
  9531 | D:15     | Identified the +0 helmet of Submission {Str+2 SInv}
  9745 | D:13     | Found a gate to the Vaults.
 10174 | D:11     | Bought the +9 war axe "Spider's Peril" {flame, Fragile rF+
                  | Will+ Dex+4} for 737 gold pieces
 10749 | Lair:2   | Found a staircase to the Swamp.
 10767 | Swamp:1  | Entered Level 1 of the Swamp
 11113 | Swamp:1  | Reached XP level 17. HP: 147/158 MP: 28/30
 11151 | Swamp:1  | Noticed a tentacled monstrosity
 11173 | Swamp:1  | Killed a tentacled monstrosity
 11180 | Swamp:1  | Identified the +1 ring mail of Siekaoto {rC+}
 11287 | Swamp:3  | Reached skill level 18 in Invocations
 11424 | Swamp:4  | Identified the "Moac"
 11424 | Swamp:4  | Entered Level 4 of the Swamp
 11424 | Swamp:4  | Noticed a thorn hunter
 11437 | Swamp:4  | Killed a thorn hunter
 11460 | Swamp:4  | Noticed Nikola
 11475 | Swamp:4  | Killed Nikola
 11604 | Swamp:4  | Noticed Roxanne
 11624 | Swamp:4  | Killed Roxanne
 11703 | Swamp:4  | Reached ***** piety under the Shining One
 11757 | Swamp:4  | Gained mutation: You passively map a large area around you.
                  | [Meteoran growth]
 11757 | Swamp:4  | Reached XP level 18. HP: 145/168 MP: 30/32
 11796 | Swamp:4  | Got a decaying rune of Zot
 11995 | Swamp:3  | Reached skill level 10 in Shields
 11995 | Swamp:3  | Reached skill level 19 in Invocations
 12125 | Swamp:2  | Reached skill level 10 in Dodging
 12249 | Swamp:2  | Noticed Jorgrun
 12258 | Swamp:2  | Killed Jorgrun
 12537 | Lair:2   | Found a hole to the Spider Nest.
 12550 | Spider:1 | Entered Level 1 of the Spider Nest
 12725 | Spider:2 | You fall into a shaft and drop 1 floor!
 12772 | Spider:4 | Entered Level 4 of the Spider Nest
 13276 | Spider:4 | Reached XP level 19. HP: 82/178 MP: 1/33
 13297 | Spider:4 | Reached skill level 20 in Invocations
 13333 | Spider:4 | Got a gossamer rune of Zot
 13727 | Spider:3 | Reached ****** piety under the Shining One
 13736 | Spider:3 | Identified a +3 broad axe of holy wrath (a +1 broad axe
                  | blessed by the Shining One)
 13736 | Spider:3 | Received a gift from the Shining One
 13951 | Spider:2 | Noticed Arachne
 13962 | Spider:2 | Killed Arachne
 14979 | Vaults:1 | Entered Level 1 of the Vaults
 14999 | Vaults:1 | Learned a level 2 spell: Lesser Beckoning
 15038 | Vaults:1 | Reached skill level 1 in Spellcasting
 15038 | Vaults:1 | Reached skill level 1 in Translocations
 15122 | Vaults:2 | Identified the of Nuobreve
 15122 | Vaults:2 | Identified the of Xucem
 15504 | Vaults:1 | Found a flickering gateway to a bazaar.
 15550 | Bazaar   | Entered a bazaar
 15580 | Bazaar   | Found Juzesh's Book Boutique.
 15630 | Bazaar   | Found Ymuest Tomy's Magic Scroll Emporium.
 15662 | Bazaar   | Found Qepiter's Magic Scroll Emporium.
 15711 | Bazaar   | Bought a scroll of teleportation for 30 gold pieces
 15711 | Bazaar   | Bought a scroll of teleportation for 30 gold pieces
 15711 | Bazaar   | Bought a scroll of revelation for 75 gold pieces
 15741 | Bazaar   | Bought a scroll of teleportation for 39 gold pieces
 15741 | Bazaar   | Bought a scroll of fear for 52 gold pieces
 15741 | Bazaar   | Bought a scroll of teleportation for 39 gold pieces
 15741 | Bazaar   | Bought a scroll of teleportation for 39 gold pieces
 15741 | Bazaar   | Bought a scroll of revelation for 97 gold pieces
 15780 | Bazaar   | Bought Maxwell's Memoranda for 360 gold pieces
 15931 | Vaults:1 | Reached XP level 20. HP: 189/189 MP: 35/35
 16026 | Vaults:2 | Found a staircase to the Crypt.
 16044 | Vaults:5 | Identified the of Utyoxera
 16044 | Crypt:1  | Entered Level 1 of the Crypt
 16150 | Crypt:2  | Noticed an ancient lich
 16165 | Crypt:2  | Killed an ancient lich
 16166 | Crypt:2  | Reached skill level 21 in Invocations
 16242 | Crypt:3  | Identified the "Reph"
 16242 | Crypt:3  | Identified the "Rokuh"
 16242 | Crypt:3  | Identified the "Idaongan"
 16242 | Crypt:3  | Entered Level 3 of the Crypt
 16472 | Crypt:3  | Reached skill level 5 in Spellcasting
 16496 | Crypt:3  | Identified the +0 robe of the Hidden Vale {rC+ rN+++ Int-4
                  | Dex-4}
 16516 | Crypt:3  | Reached skill level 5 in Translocations
 16560 | Crypt:3  | Identified the +0 war axe "Qeitrenk" {flame, rF++ Will-}
 16673 | Crypt:3  | Found a staircase to the Tomb.
 16825 | Crypt:3  | Noticed a dread lich
 16828 | Crypt:3  | Killed a dread lich
 17228 | Crypt:3  | Found an ancient bone altar of Kikubaaqudgha.
 17230 | Crypt:3  | Noticed a lich
 17238 | Crypt:3  | Killed a lich
 17241 | Crypt:3  | Noticed a lich
 17246 | Crypt:3  | Killed a lich
 17277 | Crypt:3  | Noticed an ancient lich
 17288 | Crypt:3  | Killed an ancient lich
 17289 | Crypt:3  | Reached XP level 21. HP: 123/198 MP: 27/36
 17798 | Crypt:1  | Glimpsed the power of Zot.
 17940 | Vaults:2 | Reached skill level 22 in Invocations
 18158 | Vaults:3 | Learned a level 4 spell: Manifold Assault
 18604 | Orc:2    | Found Korphykhu's Book Shop.
 18623 | Orc:2    | Found Casiah's Antique Armour Shop.
 18659 | Orc:2    | Bought a distressingly furry chain mail for 285 gold pieces
 18659 | Orc:2    | Identified the +1 chain mail of Least Resistance {+Blink
                  | rElec Dex+2 Stlth-} (You bought it in a shop on level 2 of
                  | the Orcish Mines)
 18668 | Orc:2    | Found Ofiuf's Antique Weapon Emporium.
 18693 | Orc:2    | Found Ycadwaurgh's General Store.
 18730 | Orc:2    | Found Plog's CLEARANCE SALE!.
 18740 | Orc:2    | Bought a potion of curing for 18 gold pieces
 18758 | Orc:2    | Bought 2 potions of heal wounds for 150 gold pieces
 18758 | Orc:2    | Bought 2 potions of curing for 90 gold pieces
 18920 | Depths:2 | Identified the "Olistrica"
 18920 | Depths:2 | Identified the "Plog"
 18920 | Depths:2 | Identified the "Massuw"
 18920 | Elf:1    | Identified the "Utengaem"
 18920 | Elf:1    | Entered Level 1 of the Elven Halls
 19002 | Elf:1    | Reached XP level 22. HP: 165/207 MP: 31/38
 19072 | Elf:2    | Found Xodeom's Weapon Shop.
 19123 | Elf:2    | Paralysed by an air elemental for 1 turns
 19281 | Elf:2    | Noticed a Brimstone Fiend
 19297 | Elf:2    | Found Lumn's Book Boutique.
 19298 | Elf:2    | Found Naeff's Jewellery Emporium.
 19298 | Elf:2    | Found Ocowkur's Jewellery Emporium.
 19349 | Elf:2    | Identified the +0 arbalest of Precise Incision {drain,
                  | rElec rC+ Str+5 Int-5}
 19352 | Elf:3    | Identified the "Nimoca"
 19352 | Elf:3    | Identified the "Olyi"
 19352 | Elf:3    | Identified the "Lexeosel"
 19352 | Elf:3    | Entered Level 3 of the Elven Halls
 19472 | Elf:3    | Reached skill level 15 in Shields
 19485 | Elf:3    | Noticed a Brimstone Fiend
 19504 | Elf:3    | Reached skill level 23 in Invocations
 19507 | Elf:3    | Noticed Norris
 19525 | Elf:3    | Killed Norris
 19603 | Elf:3    | Identified the +0 robe of Charity {Fly Slay+2}
 19608 | Elf:3    | Identified the +0 helmet of Feopn {Harm Fly rF+++ Stlth-}
 19615 | Elf:3    | Lost mutation: You occasionally lose the ability to read
                  | scrolls when taking damage. [potion of mutation]
 19615 | Elf:3    | Lost mutation: You have a pair of small horns on your head.
                  | [potion of mutation]
 19615 | Elf:3    | Gained mutation: You possess an exceptional clarity of
                  | mind. [potion of mutation]
 19615 | Elf:3    | Gained mutation: Your muscles are strong. (Str +4, Int/Dex
                  | -1) [potion of mutation]
 19715 | Elf:3    | Identified the ring of Qumon {rF+ Str+2 Int+8 SInv Stlth-}
 19733 | Elf:3    | Identified the +6 morningstar of the Unliving {heavy, rPois
                  | rC+++ Will- SInv}
 19855 | Elf:3    | Reached XP level 23. HP: 215/215 MP: 39/39
 20216 | Elf:2    | Found a large runed translucent door.
 20216 | Elf:2    | Found a large runed translucent door.
 20216 | Elf:2    | Noticed semem's ghost (adept HuHu)
 20252 | Elf:2    | Killed semem's ghost
 20262 | Elf:2    | Identified the +0 leather armour of Tulips {Int+3}
 20319 | Elf:1    | Reached skill level 24 in Invocations
 20599 | Elf:1    | Reached skill level 10 in Spellcasting
 20706 | Elf:1    | Glimpsed the power of Zot.
 20759 | Elf:1    | Glimpsed the power of Zot.
 20767 | Orc:2    | Upgraded the game from 0.31-a0-1008-g5b978dac0e to
                  | 0.31-a0-1009-g454b1f1e0a
 21123 | Depths:1 | Entered Level 1 of the Depths
 21189 | Depths:1 | Learned a level 3 spell: Frozen Ramparts
 21269 | Depths:1 | Found a basalt altar of Yredelemnul.
 21287 | Depths:1 | Reached skill level 1 in Ice Magic
 21402 | Depths:1 | Found a one-way gate leading to the halls of Pandemonium.
 21507 | Depths:3 | Found a gateway to Hell.
 21508 | Depths:3 | Found a one-way gate to the infinite horrors of the Abyss.
 21636 | Depths:4 | Entered Level 4 of the Depths
 21664 | Depths:4 | Noticed a juggernaut
 21678 | Depths:4 | Killed a juggernaut
 21679 | Depths:4 | Reached XP level 24. HP: 71/226 MP: 7/40
 21683 | Depths:4 | Reached skill level 25 in Invocations
 21705 | Depths:4 | Found a corrupted altar of Lugonu.
 21818 | Depths:4 | Found a gate to the Realm of Zot.
 21839 | Depths:4 | Reached skill level 5 in Ice Magic
 21898 | Depths:4 | Noticed Margery
 21898 | Depths:4 | The Shining One protects you from harm!
 21910 | Depths:4 | Found an iron altar of Okawaru.
 21983 | Depths:4 | HP: 9/226 [smoke demon/divine providence (14)]
 22055 | Depths:4 | Voluntarily entered the Abyss.
 22082 | Abyss:1  | Found a corrupted altar of Lugonu.
 22157 | Abyss:1  | Found a corrupted altar of Lugonu.
 22171 | Abyss:1  | Found a corrupted altar of Lugonu.
 22171 | Abyss:1  | Found a corrupted altar of Lugonu.
 22531 | Abyss:2  | Found a blossoming altar of Fedhas.
 22539 | Abyss:2  | Reached skill level 26 in Invocations
 22595 | Abyss:2  | Found a corrupted altar of Lugonu.
 22642 | Abyss:2  | Found a corrupted altar of Lugonu.
 22645 | Abyss:2  | Found a corrupted altar of Lugonu.
 23218 | Abyss:3  | Found a corrupted altar of Lugonu.
 23231 | Abyss:3  | Found a corrupted altar of Lugonu.
 23287 | Abyss:3  | Reached skill level 27 in Invocations
 23297 | Abyss:3  | Reached XP level 25. HP: 166/234 MP: 29/41
 23318 | Abyss:3  | Learned a level 8 spell: Maxwell's Capacitive Coupling
 23390 | Abyss:3  | Reached skill level 1 in Air Magic
 23402 | Abyss:3  | Paralysed by accursed screaming for 1 turns
 23715 | Abyss:4  | Found a corrupted altar of Lugonu.
 23863 | Abyss:4  | Noticed a dread lich
 23870 | Abyss:4  | Killed a dread lich
 23899 | Abyss:4  | Reached skill level 5 in Air Magic
 23907 | Depths:4 | Escaped the Abyss
 23948 | Depths:4 | Killed Margery
 23973 | Depths:4 | Identified the +0 chain mail of the Indestructible God
                  | {Harm Fly rF+ Int-2}
 23994 | Depths:4 | Noticed a juggernaut
 24115 | Depths:4 | Voluntarily entered the Abyss.
 24116 | Abyss:4  | Found a corrupted altar of Lugonu.
 24160 | Abyss:4  | Paralysed by you for 3 turns
 24201 | Abyss:4  | Noticed a dread lich
 24219 | Abyss:4  | Killed a dread lich
 24248 | Abyss:4  | Paralysed by accursed screaming for 1 turns
 24353 | Abyss:4  | Got an abyssal rune of Zot
 24457 | Abyss:4  | Paralysed by accursed screaming for 2 turns
 24580 | Abyss:4  | Noticed a dread lich
 24593 | Abyss:4  | Killed a dread lich
 24678 | Abyss:4  | Learned a level 2 spell: Passwall
 24691 | Abyss:4  | Reached XP level 26. HP: 235/242 MP: 34/34
 24699 | Abyss:4  | Reached skill level 15 in Spellcasting
 24716 | Abyss:4  | Gained mutation: You occasionally shout uncontrollably at
                  | your foes. [a neqoxec]
 24717 | Abyss:4  | Gained mutation: You frequently scream uncontrollably at
                  | your foes. [a neqoxec]
 24720 | Abyss:4  | Gained mutation: You are frail. (-10% HP) [a neqoxec]
 24743 | Abyss:4  | Paralysed by accursed screaming for 1 turns
 24775 | Abyss:4  | Reached skill level 10 in Air Magic
 25054 | Abyss:4  | Paralysed by accursed screaming for 1 turns
 25329 | Abyss:4  | Paralysed by accursed screaming for 1 turns
 25646 | Abyss:4  | Lost mutation: Your muscles are strong. (Str +4, Int/Dex
                  | -1) [a neqoxec]
 25664 | Abyss:4  | Reached XP level 27. HP: 133/224 MP: 26/44
 25688 | Abyss:4  | HP: 11/224 [Hell Sentinel (12)]
 25703 | Abyss:4  | Gained mutation: Your magical capacity is low. (-10% MP) [a
                  | neqoxec]
 25714 | Abyss:4  | Reached skill level 15 in Air Magic
 25814 | Abyss:4  | Lost mutation: Your magical capacity is low. (-10% MP)
                  | [potion of mutation]
 25814 | Abyss:4  | Lost mutation: You are frail. (-10% HP) [potion of
                  | mutation]
 25814 | Abyss:4  | Lost mutation: You frequently scream uncontrollably at your
                  | foes. [potion of mutation]
 25814 | Abyss:4  | Gained mutation: You expend magic power (3 MP) to
                  | strengthen your wands. [potion of mutation]
 25814 | Abyss:4  | Gained mutation: You are agile. (Dex +4, Str/Int -1)
                  | [potion of mutation]
 26246 | Abyss:4  | Gained mutation: You are dopey. (Int -2) [a neqoxec]
 26246 | Abyss:4  | Gained mutation: Your body sometimes deteriorates upon
                  | taking damage. [a neqoxec]
 26528 | Abyss:4  | Found a corrupted altar of Lugonu.
 26711 | Abyss:5  | Gained mutation: You have hidden genetic defects. [a
                  | shining eye]
 26729 | Abyss:5  | Found a shimmering altar of Xom.
 26731 | Abyss:5  | Found a corrupted altar of Lugonu.
 26731 | Abyss:5  | Found a shimmering altar of Xom.
 26743 | Abyss:5  | Found a shimmering altar of Xom.
 26760 | Abyss:5  | Found a shimmering altar of Xom.
 26764 | Abyss:5  | Found a shimmering altar of Xom.
 26764 | Abyss:5  | Found a shimmering altar of Xom.
 26764 | Abyss:5  | Found a shimmering altar of Xom.
 26764 | Abyss:5  | Found a shimmering altar of Xom.
 26766 | Abyss:5  | Found a corrupted altar of Lugonu.
 26766 | Abyss:5  | Found a shimmering altar of Xom.
 26766 | Abyss:5  | Found a shimmering altar of Xom.
 26766 | Abyss:5  | Found a shimmering altar of Xom.
 26766 | Abyss:5  | Found a shimmering altar of Xom.
 26905 | Abyss:5  | Gained mutation: You occasionally lose the ability to drink
                  | potions when taking damage. [hidden defects]
 27012 | Abyss:5  | Found a corrupted altar of Lugonu.
 27221 | Abyss:5  | Gained mutation: Your magical capacity is low. (-10% MP)
                  | [hidden defects]
 27221 | Abyss:5  | Lost mutation: You have hidden genetic defects. [hidden
                  | defects expressed]
 27876 | Abyss:5  | Gained mutation: Armour fits poorly on your strangely
                  | shaped body. [a neqoxec]
 27957 | Abyss:5  | Paralysed by accursed screaming for 1 turns
 28170 | Depths:4 | Escaped the Abyss
 28306 | Depths:3 | Killed a juggernaut
 28447 | Depths:3 | Found a radiant altar of Vehumet.
 28560 | Depths:1 | Found a one-way gateway to a ziggurat.
 28836 | Slime:1  | Entered Level 1 of the Pits of Slime
 28951 | Slime:3  | Gained mutation: Your spells are a little easier to cast,
                  | but a little less powerful. [a shining eye]
 28954 | Slime:3  | Lost mutation: You are dopey. (Int -2) [a shining eye]
 28990 | Slime:3  | Lost mutation: You are agile. (Dex +4, Str/Int -1) [potion
                  | of mutation]
 28990 | Slime:3  | Lost mutation: Your magical capacity is low. (-10% MP)
                  | [potion of mutation]
 28990 | Slime:3  | Gained mutation: You have sharp toenails. [potion of
                  | mutation]
 28990 | Slime:3  | Gained mutation: You are somewhat resistant to further
                  | mutation. [potion of mutation]
 28991 | Slime:3  | Lost mutation: Armour fits poorly on your strangely shaped
                  | body. [potion of mutation]
 28991 | Slime:3  | Lost mutation: You expend magic power (3 MP) to strengthen
                  | your wands. [potion of mutation]
 29018 | Slime:5  | Identified the "Iluirch"
 29018 | Slime:5  | Entered Level 5 of the Pits of Slime
 29072 | Slime:5  | Paralysed by a formless jellyfish for 1 turns
 29118 | Slime:5  | Noticed the Royal Jelly
 29133 | Slime:5  | Killed the Royal Jelly
 29168 | Slime:5  | HP: 8/249 [acid blob/splash of acid (14)]
 29297 | Slime:3  | Learned a level 5 spell: Freezing Cloud
 29519 | Slime:5  | Identified the +8 flail of Heusk {holy, Drain rC+ Int+3
                  | Dex+7}
 29547 | Slime:5  | Identified the +3 leather armour of Wonwomnu {rN+ Str+3}
 29562 | Slime:5  | Found the +6 arbalest "Damnation" {damnation}
 29600 | Slime:5  | Identified the +1 plate armour of Proximity {rPois rF++
                  | Dex-5}
 29602 | Slime:5  | Identified the +1 scale mail "Heomal" {Harm rN++ Regen+
                  | Str+3}
 29604 | Slime:5  | Got a slimy rune of Zot
 29605 | Slime:5  | Identified the ring of Ofitad {rPois rN+ rCorr Str+4}
 29630 | Slime:5  | Found the +4 consecrated labrys {holy, Valiant Fragile Fly
                  | SInv}
 29645 | Slime:5  | Identified the ring of Quaw {rPois rC+ Dex+2 SInv Stlth+}
 29729 | Slime:5  | Gained mutation: You are frail. (-10% HP) [a shining eye]
 29867 | Slime:5  | Reached skill level 15 in Armour
 30301 | Vaults:5 | Entered Level 5 of the Vaults
 30719 | Vaults:5 | Identified the +4 rapier "Owni" {heavy, Drain Fly Dex+3}
 30834 | Vaults:5 | Noticed a dread lich
 30842 | Vaults:5 | Noticed an ancient lich
 30853 | Vaults:5 | Killed an ancient lich
 30929 | Vaults:5 | Identified the +4 shortbow "Plog" {elec, Fragile rCorr
                  | SInv}
 30929 | Vaults:5 | Identified the +3 ring mail of the Okapi {SInv}
 31059 | Vaults:5 | Identified the ring "Qilolunk" {Wiz rN++}
 31084 | Vaults:5 | Got a silver rune of Zot
 31095 | Vaults:5 | Identified the +5 ring mail "Odoez" {Fly rElec rPois Int-3}
 31097 | Vaults:5 | Identified the staff of the Tooth {Str+3 Dex+5 Conj}
 31193 | Vaults:5 | Identified the +7 chain mail "Ydiof" {Dex+3}
 31859 | Tomb:3   | Identified the of Cygiogy
 31859 | Tomb:3   | Identified the "Kosulomp"
 31859 | Tar:7    | Identified the "Vogonyan"
 31859 | Coc:7    | Identified the of Idovacach
 31859 | Dis:7    | Identified the "Oruxik"
 31859 | Zig:1    | Entered Level 1 of a ziggurat
 31876 | Zig:2    | Entered Level 2 of a ziggurat
 31914 | Zig:3    | Identified the of City
 31914 | Zig:3    | Entered Level 3 of a ziggurat
 31917 | Zig:3    | Noticed Igucauj the pandemonium lord
 31935 | Zig:3    | Killed Igucauj the pandemonium lord
 31938 | Zig:3    | Identified the +4 arbalest "Moiguhoat" {penet, Str+2}
 31942 | Zig:4    | Entered Level 4 of a ziggurat
 31952 | Zig:4    | Noticed Xanefy the pandemonium lord
 31960 | Zig:4    | Killed Xanefy the pandemonium lord
 32011 | Zig:5    | Entered Level 5 of a ziggurat
 32014 | Zig:5    | Noticed Emegocw the pandemonium lord
 32021 | Zig:5    | Killed Emegocw the pandemonium lord
 32044 | Zig:5    | Identified the +6 orcbow "Dorghasu" {heavy, rN+ rCorr}
 32288 | Zig:6    | Entered Level 6 of a ziggurat
 32324 | Zig:6    | Identified the ring of Resumed Hostilities {AC+4 Str+3
                  | Int+2}
 32332 | Zig:7    | Entered Level 7 of a ziggurat
 32338 | Zig:7    | Noticed a dread lich
 32339 | Zig:7    | Noticed an ancient lich
 32343 | Zig:7    | Killed an ancient lich
 32344 | Zig:7    | Killed a dread lich
 32370 | Zig:8    | Entered Level 8 of a ziggurat
 32376 | Zig:8    | Noticed a dread lich
 32377 | Zig:8    | Noticed a dread lich
 32377 | Zig:8    | Noticed a dread lich
 32381 | Zig:8    | Killed a dread lich
 32384 | Zig:8    | Killed a dread lich
 32390 | Zig:8    | Killed a dread lich
 32408 | Zig:8    | Acquired the +8 ring mail of the Trout {rElec rN+ Dex+2}
 32421 | Zig:8    | Identified the +0 leather armour "Utozusan" {Int+4}
 32431 | Zig:8    | Identified the +10 sling of Grandeur {antimagic, Dex+3}
 32437 | Zig:9    | Identified the "Wuczih"
 32437 | Zig:9    | Entered Level 9 of a ziggurat
 32478 | Zig:9    | Identified the ring of Beuffaw {Fire Will+ Str+3 Dex-4
                  | Slay+4}
 32601 | Zig:10   | Entered Level 10 of a ziggurat
 32659 | Zig:10   | Identified the ring of Ehaf {AC+4 Str-5 Int+5}
 32660 | Zig:10   | Identified the +1 scimitar "Caon" {elec, *Rage Dex+5}
 32802 | Zig:11   | Entered Level 11 of a ziggurat
 32810 | Zig:11   | Gained mutation: You frequently scream uncontrollably at
                  | your foes. [a shining eye]
 32825 | Zig:11   | Identified the +1 sling "Inei" {elec, rF- rN+ Int+2}
 32831 | Zig:11   | Identified the +9 lajatang of Superiority {freeze, Will+}
 32901 | Depths:1 | Reached skill level 15 in Dodging
 32939 | Depths:1 | Lost mutation: You possess an exceptional clarity of mind.
                  | [a shining eye]
 33052 | Depths:1 | You are sucked into a shaft and drop 1 floor!
 33094 | Depths:2 | Identified the ring "Ativ" {EV+5 Int-4 Dex+6}
 33314 | Zot:1    | Entered Level 1 of the Realm of Zot
 33431 | Zot:2    | Found the +4 dragonskin cloak
 33431 | Zot:2    | Noticed Tiamat
 33453 | Zot:2    | Killed from afar by a purple draconian shifter

Illustrated notes

Levels and vault maps discovered:
D:1:      eino_arrival_water_star, layout_basic
D:2:      layout_basic, chequers_ecumenical_altar_simple_redux, basic_altar,
          kennysheep_jessica_study
D:3:      layout_rooms, trog_book, mainiacjoe_overflow_surrounded_room,
          mainiacjoe_overflow_tiny_flanked, grunt_temple_overflow_open,
          uniq_crazy_yiuf_cottage
D:4:      layout_loops_ring, nicolae_ru_awakened_eye,
          mainiacjoe_overflow_24_doors, st_stairs_6, kennysheep_another_room,
          uniq_robin, uniq_eustachio, uniq_natasha
D:5:      layout_cave_pods, uniq_pikel, uniq_blork_the_orc, uniq_prince_ribbit1
D:6:      layout_loops_ring, minmay_temple_entry_gardened_gates,
          portal_sewer_entry_d, serial_shops, nicolae_shop_tiny_glass
D:7:      layout_loops_ring, nicolae_shop_firing_range
D:8:      layout_loops_cross, serial_shops, nicolae_shop_peninsula,
          minmay_sticks_and_stones
D:9:      layout_cave_pools, nicolae_dithmenos_the_darkroom,
          hellmonk_lair_entry_icy, minmay_misc_feat_enclosed
D:10:     layout_roguey
D:11:     layout_big_octagon, orc_david_3, chequers_serial_rivers_micro_a
D:12:     layout_basic, uniq_rupert, uniq_frances
D:13:     layout_layer_cave, hellmonk_vaults_order_and_chaos, serial_shops,
          nicolae_shop_rolled_up
D:14:     layout_basic, minmay_misc_feat_nine_boxes, grunt_qazlal_clouds,
          uniq_snorg, uniq_lodul
D:15:     gammafunk_enter_depths_forms, layout_loops_ring,
          hangedman_decor_growths, minmay_hidden_floor
Lair:1:   layout_gridlike
Lair:2:   layout_gridlike, minmay_swamp_entry_worms,
          spider_nest_entry_funnel_web, minmay_hedge_maze
Lair:3:   layout_cave_shapes, portal_ice_cave_demonic_guard,
          chequers_serial_rivers_micro_d
Lair:4:   minmay_lair_oklob_tunnel, layout_cave_pods,
          nicolae_slime_entry_field_trip
Lair:5:   hangedman_lair_caniforms_friends, layout_concentric_octagons,
          hangedman_lair_in_review, uniq_kirke
Swamp:1:  cheibrodos_swamp_monstrosity, layout_basic_swamp,
          nicolae_swamp_big_swirl
Swamp:2:  layout_falls_marsh, evilmike_swamp_ruin_rubble_1, swamp_pool_1_2,
          nicolae_swamp_dense_foliage, uniq_jorgrun
Swamp:3:  layout_falls_marsh, evilmike_swamp_ruin_house_1,
          infiniplex_staircase_pool
Swamp:4:  swamp_alternative, layout_basic_swamp, uniq_roxanne, uniq_nikola
Spider:1: layout_spider_delve
Spider:2: layout_cave_pods, uniq_arachne
Spider:3: layout_spider_delve
Spider:4: grunt_spider_rune_parallel
Slime:1:  layout_caves
Slime:2:  layout_caves, nicolae_slime_barrier,
          cheibrodos_slime_lost_civilization_5
Slime:3:  cheibrodos_slime_lost_civilization_3, layout_caves, special_room
          [special_room_jelly]
Slime:4:  layout_caves
Slime:5:  slime_pit_nicolae_trefoil
Orc:1:    layout_caves
Orc:2:    grunt_orc_gardens, layout_caves, grunt_orc_garden, grunt_orc_garden,
          grunt_orc_garden, grunt_orc_garden, nicolae_shop_clearance, uniq_sonja
Elf:1:    layout_loops_corners, minmay_elf_sorcery, corexii_hall_statues_i
Elf:2:    nicolae_elf_blades_splatter_lattice [nicolae_blade_entry_pointy_end],
          layout_geoelf_diagonals, ebering_ghost_disaster_area, serial_shops,
          shop, minmay_shop_grove, uniq_saint_roka
Elf:3:    minmay_elf_hall_four_x, layout_onion_city, uniq_norris
Vaults:1: gammafunk_ghost_split, ontoclasm_vaults_bender, v_misc_11, v_misc_23,
          nicolae_vaults_surprise_closet, ontoclasm_vaults_hangar, v_misc_12,
          hangedman_vaults_nails, nicolae_vaults_prndl, vaults_room_pool,
          v_misc_11, ontoclasm_vaults_chip, layout_vaults_maze_bifur,
          serial_shops, bzr_entry_road
Vaults:2: ebering_ghost_gozag, minmay_crypt_entry_vampire_xt,
          grunt_vaults_twisty, nicolae_vaults_quartermaster,
          nicolae_vaults_tetromino_T_1, nicolae_vaults_trapezoid_1,
          grunt_vaults_swirl, nicolae_vaults_network_quincunx
          [nicolae_vaults_network_quincunx_subvault,
          nicolae_vaults_network_quincunx_subvault,
          nicolae_vaults_network_quincunx_subvault,
          nicolae_vaults_network_quincunx_subvault,
          nicolae_vaults_network_quincunx_subvault], hangedman_vaults_capsules,
          nicolae_vaults_little_ls, nicolae_vaults_six-pack,
          layout_vaults_omnibox
Vaults:3: ontoclasm_vaults_ring_large, nicolae_vaults_mitosis,
          hangedman_vaults_cutoff, vaults_dpeg_diagonal,
          nicolae_vaults_angled_halls, nicolae_vaults_meiosis,
          layout_vaults_omnigrid
Vaults:4: ontoclasm_vaults_pinch, nicolae_vaults_prndl,
          nicolae_vaults_spaceships, nicolae_vaults_ellipses_ellipsis,
          nicolae_vaults_tetromino_T_1, hangedman_vaults_hat, v_rooms_6,
          vaults_mumra_lcd, ontoclasm_vaults_chip, vaults_room_grid,
          nicolae_vaults_closet_pinwheel_4, nicolae_vaults_shelves_hall,
          layout_vaults_big_room
Vaults:5: serial_shops
Crypt:1:  layout_regular_city, serial_sigils, serial_sigils_hangedman_shear,
          serial_sigils_hangedman_confine, serial_sigils_hangedman_scratch,
          serial_sigils_hangedman_gut, serial_sigils_hangedman_quiver,
          serial_sigils_hangedman_quiver
Crypt:2:  layout_misc_corridors
Crypt:3:  quadcrypt_mu
Depths:1: layout_basic, enter_ziggurat_b, minmay_holes,
          nicolae_hell_entry_hellmouth_sunbeams, rand_demon_pan_entry_7,
          grunt_decor_arrowhead, yredelemnul_altar_generic
Depths:2: cheibrodos_leafed_vault, layout_basic, grunt_pan_entry_sceptre,
          dk_noncrumbling_3, grunt_hell_entry_dis_old, horrible_house_mu,
          minmay_staircase_bubble
Depths:3: hellmonk_crumbling_castle, layout_basic, hell_entry,
          nicolae_vehumet_altar_sigil, abyss_entry, lemuel_flame_loot_1
Depths:4: grunt_zot_entry_tricorne, layout_cave_pools, hellmouth_1,
          okawaru_trees_2, abyss_entry_flame_altar, uniq_margery
Zot:1:    layout_twisted_circle, regret_index_zotdec_banners
Zot:2:    layout_twisted_circle, uniq_tiamat

Skill      XL: |  1  2  3  4  5  6  7  8  9 10 11 12 13 14 15 16 17 18 19 20 21 22 23 24 25 26 27 |
---------------+----------------------------------------------------------------------------------+-----
Axes           | 3 4 5 6 8 9 11 12 13 14 16 18 | 18.7
Fighting       | 4 5 6 7 9 10 11 12 13 14 15 16 17 18 19 20 23 | 23.2
Armour         | 4 5 6 7 8 9 10 11 12 13 14 18 | 18.2
Shields        | 4 5 6 7 9 11 12 13 14 15 | 15.0
Invocations    | 1 3 4 7 8 10 12 13 15 16 17 18 19 20 21 22 23 24 27 | 27.0
Dodging        | 2 4 5 6 8 9 10 11 15 | 15.6
Spellcasting   | 3 6 9 11 12 14 16 24 | 24.5
Translocations | 3 6 9 |  9.8
Ice Magic      | 4 6 |  6.1
Air Magic      | 9 14 23 | 23.8

Action                     |  1- 3 |  4- 6 |  7- 9 | 10-12 | 13-15 | 16-18 | 19-21 | 22-24 | 25-27 || total
---------------------------+-------+-------+-------+-------+-------+-------+-------+-------+-------++-------
  Melee: War axe           |    55 |   103 |   187 |   229 |   645 |   816 |   292 |       |       ||  2327
         Broad axe         |       |       |    84 |    79 |       |       |   574 |   990 |  2462 ||  4189
         Headbutt          |       |       |    13 |   100 |   193 |   302 |   328 |    56 |       ||   992
         Labrys            |       |       |       |       |       |       |       |       |   721 ||   721
         Kick              |       |       |       |       |       |       |       |       |    57 ||    57
   Cast: Lesser Beckoning  |       |       |       |       |       |       |     2 |     6 |     8 ||    16
         Passwall          |       |       |       |       |       |       |       |       |     8 ||     8
         Maxwell's Capacit |       |       |       |       |       |       |       |       |     5 ||     5
         Manifold Assault  |       |       |       |       |       |       |       |       |     1 ||     1
 Invoke: Divine Shield     |       |       |     4 |    16 |    18 |    15 |    10 |     4 |    11 ||    78
         Cleansing Flame   |       |       |       |       |     7 |    12 |    43 |    59 |   208 ||   329
         Brand Weapon With |       |       |       |       |       |       |     1 |       |       ||     1
         Summon Divine War |       |       |       |       |       |       |       |       |     1 ||     1
  Evoke: Wand              |       |       |     3 |     1 |    12 |     8 |     2 |     3 |     3 ||    32
         Phantom mirror    |       |       |       |       |       |     2 |       |       |       ||     2
    Use: Scroll            |     6 |       |    10 |     5 |     6 |     3 |    14 |    14 |    24 ||    82
         Potion            |     2 |     3 |     5 |     4 |     8 |     8 |       |    18 |    24 ||    72
 Armour: Scale mail        |    29 |    66 |   229 |   214 |   305 |   551 |   658 |   787 |  1937 ||  4776
         Skin              |    20 |    23 |    19 |       |       |       |       |       |       ||    62
         Chain mail        |       |       |       |       |    50 |       |       |       |       ||    50
         Ring mail         |       |       |       |       |       |       |       |       |   186 ||   186
  Dodge: Dodged            |    26 |    42 |   125 |   114 |   228 |   404 |   489 |   401 |  1421 ||  3250
  Block: Buckler           |     9 |    34 |   111 |   217 |   390 |   512 |   481 |   136 |       ||  1890
         Kite shield       |       |       |       |       |       |       |       |   481 |  2333 ||  2814

Table legend: (Time is in decaauts)
 A = Elapsed time spent in this place.
 B = Non-inter-level travel time spent in this place.
 C = Inter-level travel time spent in this place.
 D = Time resting spent in this place.
 E = Time spent auto-exploring this place.
 F = Levels seen in this place.
 G = Mean time per level.
                   A        B        C        D        E       F      G
               +--------+--------+--------+--------+--------+-----+--------+
         Total |  32267 |  28656 |   3611 |    893 |   1930 |  72 |  448.2 |
       Dungeon |   8131 |   6696 |   1435 |    160 |    960 |  15 |  542.1 |
          Lair |   2617 |   2162 |    455 |    133 |    250 |   5 |  523.4 |
         Swamp |   1799 |   1700 |     99 |      0 |      0 |   4 |  449.8 |
   Spider Nest |   2182 |   1887 |    295 |      0 |     56 |   4 |  545.5 |
    Slime Pits |   1044 |    947 |     97 |     40 |      0 |   5 |  208.8 |
  Orcish Mines |    709 |    614 |     95 |      0 |     83 |   2 |  354.5 |
   Elven Halls |   1756 |   1670 |     86 |      2 |      0 |   3 |  585.3 |
        Vaults |   2856 |   2058 |    798 |      0 |      0 |   5 |  571.2 |
         Crypt |   1709 |   1555 |    154 |      0 |      0 |   3 |  569.7 |
        Depths |   1984 |   1891 |     93 |     14 |      0 |   4 |  496.0 |
           Zot |    120 |    120 |      0 |      0 |      0 |   2 |   60.0 |
         Abyss |   5280 |   5280 |      0 |      5 |    540 |   6 |  880.0 |
      Ziggurat |    964 |    964 |      0 |    495 |      0 |  11 |   87.6 |
        Bazaar |    276 |    276 |      0 |      0 |     29 |   1 |  276.0 |
         Sewer |    348 |    348 |      0 |     42 |     10 |   1 |  348.0 |
      Ice Cave |    484 |    484 |      0 |      0 |      0 |   1 |  484.0 |
               +--------+--------+--------+--------+--------+-----+--------+

Top non-repeatable levels by time:
 Abyss:4: 2329 daAuts
 Abyss:5: 1400 daAuts
 Crypt:3: 1234 daAuts
Vaults:5: 1074 daAuts
    D:15: 841 daAuts
     D:8: 824 daAuts
 Abyss:3: 821 daAuts
    D:12: 762 daAuts
  Lair:2: 754 daAuts
Depths:4: 739 daAuts
Vaults:2: 713 daAuts
   Elf:3: 706 daAuts
Spider:4: 705 daAuts
    D:13: 662 daAuts
     D:7: 624 daAuts
